 Dungeon Crawl Stone Soup version 0.28.0-47-ge53b351184 (webtiles) character file.

Game seed: 6412247318604248091

44128 CryoSword the Conqueror (level 14, -4/198 HPs)
             Began as an Ogre Berserker on Apr 27, 2022.
             Was a High Priest of Trog.
             Slain by a death yak (18 damage)
             ... on level 5 of the Lair of Beasts.
             The game lasted 00:28:13 (18051 turns).

CryoSword the Conqueror (Ogre Berserker)           Turns: 18051, Time: 00:28:13

Health: -4/198     AC: 10    Str: 34    XL:     14   Next: 27%
Magic:  14/14      EV:  8    Int:  8    God:    Trog [*****.]
Gold:   1246       SH:  0    Dex: 10    Spells: 13/13 levels left

rFire   . . .      SeeInvis .   a - +10 whip of Fate {freeze, Str+2}
rCold   . . .      Faith    .   f - +1 kite shield
rNeg    . . .      Spirit   .   C - +2 troll leather armour {Snorg}
rPois   +          Reflect  +   (helmet restricted)
rElec   .          Harm     .   u - +2 cloak
rCorr   .          Rampage  .   (gloves unavailable)
Will    +++..                   (boots unavailable)
Stlth   ..........              k - amulet of reflection
HPRegen 2.23/turn               j - ring of poison resistance
MPRegen 0.14/turn               A - +6 ring of strength

@: confused, ambrosia-drunk, strong-willed, on berserk cooldown, regenerating,
slowed, very slow
A: large, unfitting armour, tough skin 1
a: Renounce Religion, Berserk, Trog's Hand, Brothers in Arms


You were on level 5 of the Lair of Beasts.
You worshipped Trog.
Trog was extremely pleased with you.
You visited 2 branches of the dungeon, and saw 17 of its levels.
You also visited: Sewer.

You collected 1246 gold pieces.

Inventory:

Hand Weapons
 a - the +10 whip of Fate (weapon) {freeze, Str+2}
   (You found it on level 2 of the Dungeon)

   It freezes those it strikes, dealing additional cold damage.
   It can also slow down cold-blooded creatures.
   Str:       It affects your strength (+2).
 w - the +8 frozen axe "Frostbite" {freezing cloud, *Noise Fly rC+}
   (You found it on level 10 of the Dungeon)

   It freezes those it strikes, dealing additional cold damage.
   It can also slow down cold-blooded creatures.
   It occasionally leaves clouds of freezing vapour upon striking a foe.
   It grants immunity to clouds of freezing vapour.
   rC:        It protects you from cold.
   Fly:       It grants you flight.
   *Noise:    It may make noises in combat.
Missiles
 c - 2 boomerangs
 m - 23 poisoned darts (quivered)
 r - 6 throwing nets
Armour
 f - a +1 kite shield (worn)
   (You found it on level 1 of the Dungeon)
 u - a +2 cloak (worn)
   (You found it on level 6 of the Dungeon)
 C - a +2 troll leather armour (worn) {Snorg}
   (You found it on level 12 of the Dungeon)
Jewellery
 d - a ring of see invisible
   (You took it off a centaur on level 11 of the Dungeon)
 j - a ring of poison resistance (left hand)
   (You found it on level 7 of the Dungeon)
 k - an amulet of reflection (around neck)
   (You found it on level 2 of the Dungeon)
 A - a +6 ring of strength (right hand)
   (You found it on level 1 of the Lair of Beasts)
Wands
 t - a wand of acid (10)
   (You found it on level 7 of the Dungeon)
Scrolls
 b - 5 scrolls of identify {@r1}
 g - 4 scrolls of teleportation {@r4}
 h - a scroll of silence {unknown}
 i - a scroll of holy word {unknown}
 o - 5 scrolls of magic mapping
 p - a scroll of brand weapon {unknown}
 v - 2 scrolls of fear {unknown}
 x - 2 scrolls of fog {unknown}
 y - 3 scrolls of vulnerability {unknown}
 z - 5 scrolls of enchant weapon {unknown}
Potions
 e - 6 potions of flight
 l - a potion of berserk rage
 n - 6 potions of curing {@q1}
 q - a potion of magic
 s - a potion of invisibility {unknown}
 B - 2 potions of mutation {unknown}
 F - 2 potions of lignification {unknown}
 G - a potion of might {unknown}
Miscellaneous
 E - a phantom mirror
   (You found it on level 3 of the Lair of Beasts)


   Skills:
 O Level 27 Fighting
 + Level 10.7(10.9) Axes
 - Level 2.6(6.7) Maces & Flails
 - Level 2.6 Dodging


You had 13 spell levels left.
You didn't know any spells.
Your spell library was empty.

Dungeon Overview and Level Annotations

Branches:
Dungeon (12/15)            Temple (0/1) D:5            Lair (5/6) D:10
 Shoals (0/4) Lair:4        Snake (0/4) Lair:3          Orc (0/2) D:9
  Sewer (visited)
  Slime: Lair:5-6

Altars:
Elyvilon
Hepliaklqana
Nemelex Xobeh
Wu Jian
Beogh

Shops:
D:5 *

Annotations:
Lair:3 2 transporters, Nefuv's ghost, journeyman MiBe


Innate Abilities, Weirdness & Mutations

You are too large for most types of armour.
You have tough skin. (AC +1)


Message History

You whack the death yak! You freeze the death yak.
You hear a bellow!
The death yak gores you.
You hear a bellow! x3
You hit the death yak but do no damage.
A water moccasin comes into view.
The death yak closely misses you.
You hit the death yak. You freeze the death yak.
You block the death yak's attack.
You hit the death yak. You freeze the death yak.
The death yak closely misses you.
You whack the death yak! You freeze the death yak.
You hear a bellow!
You whack the death yak! You freeze the death yak. The death yak gores you!!
You hear a bellow!
You whack the death yak! You freeze the death yak. The death yak gores you!
You hit the death yak. You freeze the death yak.
A death yak comes into view.
You block the death yak's attack.
You hit the death yak but do no damage. You block the death yak's attack.
A death yak comes into view.
You thrash the death yak!! You freeze the death yak.
You kill the death yak!
Trog accepts your kill.
You hear a bellow! x2; You hear an angry hiss.
You block the water moccasin's attack.
You whack the death yak! You freeze the death yak. You thrash the death yak!!
You freeze the death yak! You block the death yak's attack.
The death yak barely misses you.
A death yak comes into view.
You hit the death yak. You freeze the death yak.
The death yak completely misses you. The death yak gores you.
A red film seems to cover your vision as you go berserk!
You feel yourself moving faster!
You feel mighty!
A death yak comes into view.
The death yak bellows!
You whack the death yak! You freeze the death yak! You thrash the death yak!!
You freeze the death yak. The death yak gores you.
You whack the death yak! You freeze the death yak!
You block the death yak's attack.
You completely miss the death yak. The death yak closely misses you.
A death yak comes into view.
The death yak gores you but does no damage.
You whack the death yak! You freeze the death yak.
You kill the death yak!
Trog accepts your kill.
You have mastered Fighting!
You need to enable at least one skill for training.
You whack the death yak! You freeze the death yak!
You hit the death yak but do no damage.
The death yak gores you but does no damage.
You whack the death yak! You freeze the death yak.
You kill the death yak!
Trog accepts your kill.
You thrash the death yak!! You freeze the death yak. The death yak gores you!
You whack the death yak! You freeze the death yak.
You block the death yak's attack. The death yak gores you.
You hit the death yak but do no damage. You whack the death yak!
You freeze the death yak. You block the death yak's attack.
The death yak gores you!
You whack the death yak! You freeze the death yak.
The death yak gores you but does no damage.
You whack the death yak! You freeze the death yak!
You kill the death yak!
Trog accepts your kill.
You whack the death yak! You freeze the death yak.
You block the death yak's attack.
The water moccasin bites you but does no damage.
You whack the death yak! You freeze the death yak.
You block the water moccasin's attack.
You are no longer berserk.
You are exhausted.
You feel yourself slow down.
The death yak gores you but does no damage.
You see here a death yak corpse.
You hit the death yak. You freeze the death yak.
The water moccasin bites you but does no damage.
The death yak gores you!! The water moccasin closely misses you.
The death yak gores you!
You hit the death yak. You freeze the death yak.
You block the water moccasin's attack.
The death yak gores you but does no damage.
You block the death yak's attack. You block the water moccasin's attack.
The death yak closely misses you.
You whack the death yak! You freeze the death yak.
You block the water moccasin's attack. You block the death yak's attack.
The death yak gores you. The water moccasin closely misses you.
The death yak gores you!
You whack the death yak! You freeze the death yak.
You block the water moccasin's attack. You block the death yak's attack.
The death yak gores you! The water moccasin bites you.
You hit the death yak but do no damage. The death yak gores you!!
* * * LOW HITPOINT WARNING * * *
You block the water moccasin's attack. The death yak gores you!!
* * * LOW HITPOINT WARNING * * *
The death yak closely misses you. You block the water moccasin's attack.
Your skin crawls.
You feel strong-willed.
The death yak gores you but does no damage.
You block the water moccasin's attack. The death yak gores you!
* * * LOW HITPOINT WARNING * * *
The death yak misses you. The water moccasin closely misses you.
Your ogre goes berserk!
The water moccasin bites you.
* * * LOW HITPOINT WARNING * * *
You block the death yak's attack. The death yak gores you!
* * * LOW HITPOINT WARNING * * *
The water moccasin bites you but does no damage.
The death yak gores you!
* * * LOW HITPOINT WARNING * * *
Okay, then.
You hit the death yak. You freeze the death yak. The water moccasin bites you.
* * * LOW HITPOINT WARNING * * *
The death yak gores you.
* * * LOW HITPOINT WARNING * * *
Your ogre closely misses the water moccasin.
The death yak gores you!
* * * LOW HITPOINT WARNING * * *
The water moccasin bites you but does no damage.
The death yak gores you.
* * * LOW HITPOINT WARNING * * *
You are confused.
You feel invigorated.
You hear the slow rumble of an avalanche of rocks.
Your ogre hits the water moccasin with a +0 giant club!
The water moccasin bites your ogre but does no damage.
The death yak gores you!
* * * LOW HITPOINT WARNING * * *
The death yak gores you.
* * * LOW HITPOINT WARNING * * *
Your ogre misses the water moccasin. The water moccasin bites your ogre!
The death yak gores you but does no damage.
You bump into the rock wall.
The water moccasin barely misses your ogre.
Your ogre hits the water moccasin with a +0 giant club!!
The water moccasin dies!
Trog accepts your kill. The death yak gores you.
* * * LOW HITPOINT WARNING * * *
A water moccasin comes into view.
The death yak gores you!!
* * * LOW HITPOINT WARNING * * *
Your ogre hits the water moccasin with a +0 giant club!!
The water moccasin dies!
Trog accepts your kill.
The death yak gores you but does no damage.
Okay, then.
Your ogre hits the death yak with a +0 giant club!
The death yak gores you!!
You die...

### ##.## #.#.#
#..## #P†# ##Y.# #
#Y@## ## .P
...#P#.O## ##.#...
.........##.......
.......##.........
....... ##<.......
....... #........
......P .........
....... ###.......
....... .......


You could see 2 death yaks and a friendly ogre (summoned, berserk).

Vanquished Creatures
  Snorg (D:12)
  Harold (D:11)
  2 hydras
  An ogre mage (D:10)
  A centaur warrior (D:8)
  4 death yaks (Lair:5)
  3 two-headed ogres
  A necromancer (Lair:4)
  An orc knight (D:10)
  A deep elf pyromancer (D:10)
  An ugly thing (D:11)
  2 cyclopes
  3 manticores
  3 elephants (Lair:4)
  A guardian serpent (Lair:3)
  Joseph (D:8)
  2 black mambas
  A gargoyle (D:10)
  7 cane toads
  Psyche (D:8)
  5 komodo dragons
  A kobold demonologist (D:12)
  2 rime drakes
  3 ice devils (D:10)
  2 freezing wraiths (D:10)
  2 trolls
  A meliai (D:10)
  Grinder (D:3)
  4 blink frogs
  A slime creature (D:10)
  4 wraiths
  2 shadows
  A vampire (D:12)
  2 wyverns
  51 yaks
  A steam dragon (Lair:3)
  Grum (D:8)
  4 vampire mosquitoes (D:11)
  4 acid dragons
  24 water moccasins
  2 black bears (D:10)
  6 orc warriors
  A necrophage (D:5)
  3 elephant zombies (Lair:4)
  3 ogres
  25 wolves
  12 centaurs
  3 phantoms
  3 kobold brigands
  2 komodo dragon zombies (Lair:4)
  15 bullfrogs
  A wyvern zombie (D:7)
  A gnoll sergeant (D:7)
  2 scorpions
  3 water moccasin zombies
  A wyvern skeleton (D:5)
  A killer bee (D:10)
  8 wights
  4 electric eels
  5 centaur zombies
  A hound (D:6)
  4 jellies
  8 orc priests
  3 bullfrog skeletons
  A basilisk zombie (Lair:4)
  2 centaur skeletons
  2 gnoll shamans
  2 iguanas
  Jessica (D:2)
  Ijyb (D:2)
  Natasha (thrice) (D:3)
  16 orc wizards
  A merfolk siren (Sewer)
  A merfolk avatar (Sewer)
  A killer bee zombie (D:8)
  8 ogre zombies (D:9)
  14 gnolls
  26 adders
  4 river rats
  A shadow imp (D:7)
  4 white imps
  2 ufetubi (D:4)
  6 worms
  3 dart slugs
  38 orcs
  5 endoplasms
  4 giant cockroaches
  12 goblins
  3 hobgoblins
  5 quokkas
  7 ball pythons
  2 bats
  9 frilled lizards
  2 goblin skeletons (D:9)
  4 goblin zombies (D:9)
  3 hobgoblin zombies (D:9)
  A jackal skeleton (D:4)
  9 kobolds
  2 orc skeletons (D:9)
  14 orc zombies (D:9)
  19 rats
  A spectral orc (D:12)
510 creatures vanquished.

Vanquished Creatures (collateral kills)
  Nessos (D:12)
  2 water moccasins (Lair:5)
3 creatures vanquished.

Vanquished Creatures (others)
  22 fungi
  25 plants
47 creatures vanquished.

Grand Total: 560 creatures vanquished

Notes
Turn   | Place    | Note
-------+----------+-------------------------------------------
     0 | D:1      | CryoSword the Ogre Berserker began the quest for the Orb.
     0 | D:1      | Reached XP level 1. HP: 24/24 MP: 1/1
    85 | D:1      | Reached XP level 2. HP: 33/33 MP: 2/2
   217 | D:1      | Found a faded altar of an unknown god.
   234 | D:1      | Reached skill level 5 in Fighting
   704 | D:2      | Reached XP level 3. HP: 39/42 MP: 3/3
   785 | D:2      | Noticed Jessica
   795 | D:2      | Killed Jessica
   796 | D:2      | Reached skill level 6 in Fighting
   797 | D:2      | Reached XP level 4. HP: 53/53 MP: 4/4
   949 | D:2      | Identified the +10 whip of Fate {freeze, Str+2}
   984 | D:2      | Noticed Ijyb
  1006 | D:2      | Killed Ijyb
  1007 | D:2      | Reached skill level 7 in Fighting
  1215 | D:2      | Reached XP level 5. HP: 62/62 MP: 5/5
  1625 | D:3      | Reached ** piety under Trog
  1750 | D:3      | Noticed Grinder
  1762 | D:3      | Killed Grinder
  1763 | D:3      | Reached skill level 9 in Fighting
  1763 | D:3      | Reached XP level 6. HP: 75/75 MP: 6/6
  2222 | D:3      | Noticed Natasha
  2226 | D:3      | Killed Natasha
  2227 | D:3      | Reached skill level 10 in Fighting
  2227 | D:3      | Reached XP level 7. HP: 83/85 MP: 7/7
  2400 | D:3      | Noticed Natasha
  2404 | D:3      | Killed Natasha
  2413 | D:3      | Noticed Natasha
  2417 | D:3      | Killed Natasha
  2567 | D:4      | Reached skill level 11 in Fighting
  3229 | D:5      | Entered Level 5 of the Dungeon
  3229 | D:5      | Found Kadej's General Store.
  3441 | D:5      | Reached skill level 12 in Fighting
  3441 | D:5      | Reached XP level 8. HP: 50/98 MP: 8/8
  3846 | D:5      | Found a white marble altar of Elyvilon.
  3945 | D:5      | Reached skill level 13 in Fighting
  3955 | D:5      | Found a staircase to the Ecumenical Temple.
  4109 | D:5      | Reached *** piety under Trog
  4134 | D:5      | Reached skill level 14 in Fighting
  4711 | D:6      | Reached XP level 9. HP: 99/113 MP: 9/9
  4727 | D:6      | Reached skill level 15 in Fighting
  4799 | D:6      | Found a glowing drain.
  4809 | Sewer    | Entered a sewer
  5349 | D:6      | Reached **** piety under Trog
  5725 | D:6      | Reached skill level 16 in Fighting
  6453 | D:7      | Found a sparkling altar of Nemelex Xobeh.
  6471 | D:7      | Reached skill level 17 in Fighting
  7259 | D:7      | Found a hazy altar of Hepliaklqana.
  7487 | D:8      | Reached XP level 10. HP: 132/132 MP: 10/10
  7621 | D:8      | Noticed Grum
  7626 | D:8      | Reached skill level 18 in Fighting
  7634 | D:8      | Killed Grum
  7776 | D:8      | Found an ornate altar of the Wu Jian Council.
  7812 | D:8      | Noticed Psyche
  7824 | D:8      | Killed Psyche
  7883 | D:8      | Reached skill level 19 in Fighting
  8126 | D:8      | Noticed a centaur warrior
  8140 | D:8      | Killed a centaur warrior
  8140 | D:8      | Reached ***** piety under Trog
  8316 | D:8      | Noticed Joseph
  8331 | D:8      | Killed Joseph
  8332 | D:8      | Reached skill level 20 in Fighting
  8641 | D:9      | Reached XP level 11. HP: 149/149 MP: 11/11
  8758 | D:9      | Reached skill level 21 in Fighting
  9078 | D:9      | Received a gift from Trog
  9257 | D:9      | Found a staircase to the Orcish Mines.
  9874 | D:10     | Entered Level 10 of the Dungeon
 10236 | D:10     | Reached skill level 22 in Fighting
 10358 | D:10     | Found a staircase to the Lair.
 10924 | D:10     | Noticed a cyclops
 10925 | D:10     | Noticed a manticore
 10935 | D:10     | Killed a cyclops
 10941 | D:10     | Reached skill level 23 in Fighting
 10943 | D:10     | Noticed a deep elf pyromancer
 10944 | D:10     | Killed a manticore
 10948 | D:10     | Killed a deep elf pyromancer
 10949 | D:10     | Noticed a two-headed ogre
 10949 | D:10     | Noticed an orc knight
 10949 | D:10     | Noticed an ogre mage
 10952 | D:10     | Noticed a two-headed ogre
 11095 | D:10     | Reached XP level 12. HP: 155/167 MP: 12/12
 11113 | D:10     | Killed a two-headed ogre
 11399 | D:10     | Reached skill level 24 in Fighting
 11459 | D:10     | Found the +8 frozen axe "Frostbite" {freezing cloud, *Noise
                  | Fly rC+}
 11732 | D:11     | Noticed Harold
 11734 | D:11     | Reached skill level 1 in Axes
 11741 | D:11     | Killed Harold
 11748 | D:11     | Noticed a two-headed ogre
 11801 | D:10     | Killed an ogre mage
 11970 | D:11     | Reached skill level 5 in Axes
 11975 | D:11     | Killed a two-headed ogre
 12521 | D:12     | Found a hazy altar of Hepliaklqana.
 12604 | D:12     | Noticed a seven-headed hydra
 12614 | D:12     | Killed a seven-headed hydra
 12877 | D:12     | Noticed Nessos
 12885 | D:12     | Killed Nessos
 12904 | D:12     | Reached XP level 13. HP: 131/178 MP: 13/13
 13239 | D:12     | Noticed Snorg
 13249 | D:12     | Killed Snorg
 13764 | Lair:1   | Entered Level 1 of the Lair of Beasts
 13932 | Lair:1   | Reached skill level 10 in Axes
 14736 | Lair:1   | Reached skill level 25 in Fighting
 16532 | Lair:3   | Reached skill level 26 in Fighting
 16680 | Lair:3   | Found a staircase to the Snake Pit.
 16738 | Lair:3   | Found a transporter.
 16739 | Lair:3   | Noticed Nefuv's ghost (journeyman MiBe)
 17070 | Lair:3   | Found a transporter.
 17277 | Lair:3   | Reached XP level 14. HP: 192/195 MP: 14/14
 17472 | Lair:4   | Found a staircase to the Shoals.
 18029 | Lair:5   | Reached skill level 27 in Fighting
 18050 | Lair:5   | HP: 4/198 [death yak (19)]
 18051 | Lair:5   | Slain by a death yak

Illustrated notes

Levels and vault maps discovered:
D:1:      evilmike_arrival_rings, layout_basic, chequers_ecumenical_altar_island
D:2:      kennysheep_the_goblin_king, layout_rooms, uniq_jessica
D:3:      layout_loops_cross, kennysheep_orc_chapel, uniq_natasha, uniq_grinder
D:4:      layout_basic
D:5:      layout_loops_cross, mainiacjoe_overflow_six_doors_small,
          minmay_temple_entry_trees, serial_shops, nicolae_stop_n_shop_2,
          amcnicky_mini_corridor_feature
D:6:      layout_rooms, lightli_sewer_entry_pipes, chequers_garden,
          serial_bayou_pond_c, chequers_serial_rivers_micro_a
D:7:      layout_cave_pools, mainiacjoe_overflow_cross_hatched,
          lemuel_coloured_pillars_altar
D:8:      minmay_flawed_box, layout_loops_ring, mainiacjoe_overflow_catwalk,
          hangedman_glass_teeth, minmay_misc_feat_five, uniq_psyche,
          uniq_joseph, uniq_grum
D:9:      layout_roguey, zombieorc2_lemuel
D:10:     minmay_bloctagon, layout_loops_corners, due_lair_maze_entry_diamond,
          hellmonk_guarded_unrand_frostbite
D:11:     layout_rooms, uniq_harold
D:12:     layout_loops_ring, nicolae_hepliaklqana_monster_ancestors, uniq_snorg,
          uniq_nessos
Lair:1:   lemuel_reptile_caves, layout_cave_pods
Lair:2:   layout_roguey, serial_bayou_shore_a, grunt_megastairs_3
Lair:3:   layout_small_grid, minmay_snake_entry_spellcaster,
          gammafunk_ghost_hive
Lair:4:   pond_and_an_island_with_a_cottage, layout_cave_shapes,
          elwin_shoals_entry_rooms
Lair:5:   layout_cave_pods, enter_volcano_3, uniq_josephine, uniq_kirke

Skill      XL: |  1  2  3  4  5  6  7  8  9 10 11 12 13 14 |
---------------+-------------------------------------------+-----
Fighting       | 5 6 7 9 10 12 14 17 20 23 24 26 27 | 27.0
Axes           | 8 10 | 10.7
Maces & Flails | |  2.6
Dodging        | |  2.6

Action                   |  1- 3 |  4- 6 |  7- 9 | 10-12 | 13-15 || total
-------------------------+-------+-------+-------+-------+-------++-------
Melee: Mace              |    50 |     7 |       |       |       ||    57
       Whip              |       |    79 |   329 |   594 |   591 ||  1593
       Executioner's axe |       |       |       |    19 |       ||    19
Throw: Dart              |       |       |       |     4 |       ||     4
Invok: Berserk           |     3 |     2 |     5 |    19 |    12 ||    41
       Trog's Hand       |       |     1 |       |     4 |     5 ||    10
       Brothers in Arms  |       |       |       |     1 |     2 ||     3
  Use: Scroll            |       |       |     9 |     7 |     1 ||    17
       Potion            |       |       |       |     1 |     1 ||     2
 Stab: Sleeping          |     1 |       |       |       |       ||     1
Armor: Animal skin       |    19 |    24 |    53 |    63 |       ||   159
       Troll leather arm |       |       |       |   124 |   195 ||   319
Dodge: Dodged            |    19 |    25 |    75 |   180 |   168 ||   467
Block: Kite shield       |     1 |    16 |   204 |   353 |   385 ||   959
       Reflection        |       |       |     6 |    19 |       ||    25
       Other             |       |       |       |    13 |       ||    13
